 Dungeon Crawl Stone Soup version 0.20.1-1-g8b1a95d (webtiles) character file.

1144 letownia2 the Reanimator (level 8, 39/64 HPs)
             Began as a Deep Dwarf Necromancer on Dec 9, 2017.
             Quit the game in the Ecumenical Temple.
             The game lasted 00:10:28 (3552 turns).

letownia2 the Reanimator (Deep Dwarf Necromancer)   Turns: 3552, Time: 00:10:29

Health: 39/64      AC:  4    Str: 12    XL:     8   Next: 15%
Magic:  14/14      EV: 12    Int: 18    God:
Gold:   173        SH:  0    Dex: 13    Spells: 11/15 levels left

rFire    . . .     SeeInvis .   a - +0 war axe (curse)
rCold    . . .     Gourm    .   (no shield)
rNeg     . . .     Faith    .   m - +0 leather armour (curse)
rPois    .         Spirit   .   (no helmet)
rElec    .         Reflect  .   (no cloak)
rCorr    .         Harm     .   (no gloves)
MR       +....                  u - +0 pair of boots (curse)
Stlth    ++........             (no amulet)
Regen    0.0/turn               (no ring)
MPRegen  0.2/turn               (no ring)

@: non-regenerating
A: damage resistance, heal wounds, sense surroundings 1, no regeneration
a: Heal Wounds


You were in the Ecumenical Temple.
You were not hungry.

You visited 2 branches of the dungeon, and saw 7 of its levels.

You collected 173 gold pieces.

Inventory:

Hand Weapons
 a - a cursed +0 war axe (weapon)
 e - a +0 dagger
 n - a +0 hand axe
Armour
 m - a cursed +0 leather armour (worn)
 o - a +0 scale mail
 u - a cursed +0 pair of boots (worn)
 w - a cursed +0 ring mail
Wands
 s - a wand of random effects (19/48)
Scrolls
 f - 6 scrolls of identify {unknown}
 h - a scroll of enchant weapon {unknown}
 i - 3 scrolls of recharging {unknown}
 r - a scroll of remove curse {unknown}
 v - 3 scrolls of magic mapping {unknown}
 x - 2 scrolls of teleportation {unknown}
Potions
 d - 4 potions of brilliance {unknown}
 g - a potion of curing {unknown}
 j - a potion of berserk rage {unknown}
 k - a potion of lignification {unknown}
 l - a potion of might {unknown}
 q - a potion of magic {unknown}
 t - a potion of cancellation {unknown}
 z - a potion of agility {unknown}
Books
 b - a book of Necromancy

   Spells                             Type                      Level
   a - Pain                           Necromancy                   1
   b - Animate Skeleton               Necromancy                   1
   c - Vampiric Draining              Necromancy                   3
   d - Regeneration                   Charms/Necromancy            3
   e - Animate Dead                   Necromancy                   4
   f - Control Undead                 Necromancy                   4
Comestibles
 c - a bread ration
 p - 2 royal jellies


   Skills:
 + Level 1.0 Fighting
 + Level 1.2 Armour
 - Level 2.1 Dodging
 - Level 2.4 Stealth
 + Level 4.2 Spellcasting
 - Level 10.0 Necromancy


You had 11 spell levels left.
You knew the following spells:

 Your Spells              Type           Power        Failure   Level  Hunger
a - Pain                  Necr           ####         1%          1    None
v - Vampiric Draining     Necr           #####.....   1%          3    ###....


Dungeon Overview and Level Annotations

Branches:
Dungeon (6/15)             Temple (1/1) D:6

Altars:
Ashenzari
Cheibriados
Dithmenos
Makhleb
Trog
Uskayaw
Yredelemnul
Zin
Lugonu


Innate Abilities, Weirdness & Mutations

You are resistant to damage.
You can heal yourself by infusing magical energy.
You passively map a small area around you.
You do not regenerate.


Message History

Found a dagger.
You enter the shallow water.
Moving in this stuff is going to be slow.
A worker ant comes into view.
The worker ant twitches its antennae in your direction.
There is a staircase to the Ecumenical Temple here.
You climb downwards.
Welcome to the Ecumenical Temple!
There is a staircase back to the Dungeon here.
Found three altars.
Found four altars.
Found a corrupted altar of Lugonu.
Found a basalt altar of Yredelemnul and a corrupted altar of Lugonu.
There is a dry fountain here.
There is a glowing silver altar of Zin here.
There is a glowing silver altar of Zin here.
Found a bloodstained altar of Trog.
Done exploring.
Done exploring.
Done exploring.
Are you sure you want to abandon this character and quit the game? (Confirm with "yes".)

#...# ####
#########...###§_###
#P.≈....≈.....§.§.≈#
#<.......#...._§⌠._#
#P.≈..........#....#
#########..####._.##
#...# ##### ##≈_.##
#....@# #_.⌠._#
#.....# ##._.##
#####


There were no monsters in sight!

Vanquished Creatures
  Sigmund (D:4)
  Eustachio (D:5)
  2 sky beasts (D:5)
  2 ice beasts
  A bullfrog (D:5)
  2 jellies
  A hound (D:5)
  A centaur skeleton (D:6)
  2 bullfrog skeletons
  2 orc wizards (D:4)
  5 worker ants (D:5)
  A hound skeleton (D:4)
  2 adders (D:4)
  A shadow imp (D:5)
  An ooze (D:5)
  An adder zombie (D:6)
  An adder skeleton (D:4)
  A leopard gecko (D:1)
  10 orcs
  A giant cockroach (D:4)
  A goblin (D:1)
  3 jackals
  2 kobolds
  2 quokkas
  A frilled lizard (D:3)
48 creatures vanquished.

Notes
Turn   | Place    | Note
-------+----------+-------------------------------------------
     0 | D:1      | letownia2 the Deep Dwarf Necromancer began the quest for the Orb.
     0 | D:1      | Reached XP level 1. HP: 15/15 MP: 3/3
   378 | D:4      | Reached XP level 2. HP: 16/22 MP: 5/5
   465 | D:4      | Noticed Sigmund
   480 | D:4      | Found a snail-covered altar of Cheibriados.
   596 | D:4      | Reached XP level 3. HP: 17/28 MP: 0/6
   612 | D:4      | Learned a level 3 spell: Vampiric Draining
   683 | D:4      | Reached skill level 5 in Necromancy
  1173 | D:4      | Reached XP level 4. HP: 16/36 MP: 8/8
  1718 | D:4      | Reached XP level 5. HP: 33/42 MP: 0/9
  1841 | D:4      | Killed Sigmund
  1841 | D:4      | Reached skill level 6 in Necromancy
  1841 | D:4      | Reached XP level 6. HP: 36/49 MP: 0/12
  1883 | D:5      | Entered Level 5 of the Dungeon
  1914 | D:5      | Noticed an ice beast
  1922 | D:5      | Killed an ice beast
  1922 | D:5      | Reached skill level 7 in Necromancy
  2540 | D:5      | Reached XP level 7. HP: 46/55 MP: 13/13
  2544 | D:5      | Reached skill level 8 in Necromancy
  2816 | D:5      | Noticed Eustachio
  2901 | D:5      | Killed Eustachio
  2901 | D:5      | Reached skill level 9 in Necromancy
  3423 | D:6      | Reached skill level 10 in Necromancy
  3423 | D:6      | Reached XP level 8. HP: 58/62 MP: 9/14
  3436 | D:6      | Reached skill level 1 in Armour
  3494 | D:6      | Reached skill level 1 in Fighting
  3510 | D:6      | Found a staircase to the Ecumenical Temple.
  3519 | Temple   | Entered the Ecumenical Temple
  3552 | Temple   | Quit the game

Skill      XL: |  1  2  3  4  5  6  7  8 |
---------------+-------------------------+-----
Spellcasting   | 2 3 4 |  4.2
Necromancy     | 5 6 7 10 | 10.0
Armour         | 1 |  1.2
Fighting       | 1 |  1.0
Dodging        | |  2.1
Stealth        | |  2.4

Action                   |  1- 3 |  4- 6 |  7- 9 || total
-------------------------+-------+-------+-------++-------
Melee: Dagger            |    35 |     9 |       ||    44
       War axe           |       |    27 |    23 ||    50
 Cast: Pain              |    15 |    25 |    35 ||    75
       Vampiric Draining |     4 |    26 |    12 ||    42
 Stab: Distracted        |     1 |       |       ||     1
       Sleeping          |       |     1 |     1 ||     2
  Eat: Chunk             |     1 |     7 |     4 ||    12
Armor: Robe              |     6 |     5 |       ||    11
       Leather armour    |       |    17 |    43 ||    60
Dodge: Dodged            |    30 |    50 |    83 ||   163
